 Dungeon Crawl Stone Soup version 0.26.1-11-gd32895ea62 (webtiles) character file.

Game seed: 7032339318915525317

659080 bnorton916 the Conqueror (level 27, -1/174 HPs)
             Began as a Formicid Fighter on June 23, 2021.
             Was an Initiate of Gozag.
             Killed from afar by an orb of fire (9 damage)
             ... with a bolt of fire
             ... on level 5 of the Realm of Zot on June 24, 2021.
             The game lasted 04:03:23 (68591 turns).

bnorton916 the Conqueror (Formicid Fighter)        Turns: 68591, Time: 04:03:23

Health: -1/174     AC: 41    Str: 29    XL:     27
Magic:  16/16      EV: 17    Int:  1    God:    Gozag
Gold:   4341       SH: 15    Dex: 16    Spells: 25/26 levels left

rFire    + + +     SeeInvis +   B - +9 battleaxe (vamp)
rCold    + + +     Faith    .   b - +2 shield of Resistance {rF++ rC++ Will++}
rNeg     + . .     Spirit   .   i - +9 scales of the Dragon King {rPois rF+ rC+ Will+}
rPois    +         Reflect  .   (helmet unavailable)
rElec    +         Harm     .   N - +1 cloak of Starlight {*Dazzle EV+4 Stlth--}
rCorr    +         Rampage  .   K - +0 pair of gloves "Seitibb" {-Cast rPois Str+8 Int-5}
Will     +++++     NoCast   +   q - +1 pair of boots of Inaib {rPois rCorr Int-4}
Stlth    ..........             G - amulet of regeneration
HPRegen  0.00/turn              c - ring "Reguori" {*Contam rElec rPois rN+ rCorr}
MPRegen  0.15/turn              k - ring "Dusouful" {Will+ AC+4 Dex+5 Slay+3}

@: gold aura
A: permanent stasis, dig shafts and tunnels, four strong arms, antennae 3,
molten scales 1, thin skeletal structure 1, blurry vision 3, clumsy 2, deformed
body, deterioration 2, dopey 2, frail 3, low mp 3, screaming 3, inhibited
regeneration, weak 2, no potion heal 3, subdued magic 3
}: 3/15 runes: decaying, serpentine, silver
a: Dig, Shaft Self, Renounce Religion, Potion Petition, Call Merchant, Bribe
Branch


You were on level 5 of the Realm of Zot.
You worshipped Gozag.
Gozag was most pleased with you.
You visited 9 branches of the dungeon, and saw 49 of its levels.
You also visited: Ossuary, Bailey and Gauntlet.

You collected 34388 gold pieces.
You spent 13520 gold pieces at shops.
You paid 16527 gold pieces to Gozag.

Inventory:

Hand Weapons
 t - a +6 battleaxe of electrocution
 B - a +9 vampiric battleaxe (weapon)
 M - the +7 mace "Roghucyh" {speed, rElec rPois Dex-2}
   (You took it off a spriggan druid on level 1 of the Swamp)

   Attacks with this weapon are significantly faster.
   It affects your dexterity (-2).
   It insulates you from electricity.
   It protects you from poison.
 S - a +3 battleaxe
Missiles
 j - 5 silver javelins (quivered)
 U - 14 javelins
Armour
 b - the +2 shield of Resistance (worn) {rF++ rC++ Will++}
   (You bought it in a shop on level 1 of the Lair of Beasts)

   It greatly protects you from fire.
   It greatly protects you from cold.
   It affects your willpower, your defense against some magical effects.
 i - the +9 scales of the Dragon King (worn) {rPois rF+ rC+ Will+}
   (You found it on level 6 of the Dungeon)

   It protects you from fire.
   It protects you from cold.
   It protects you from poison.
   It affects your willpower, your defense against some magical effects.
 q - the +1 pair of boots of Inaib (worn) {rPois rCorr Int-4}
   (You found it on level 3 of the Lair of Beasts)

   It affects your intelligence (-4).
   It protects you from poison.
   It provides partial protection from all sources of acid and corrosion.
 I - a +2 pair of boots of flying
 K - the +0 pair of gloves "Seitibb" (worn) {-Cast rPois Str+8 Int-5}
   (You found it on level 5 of the Vaults)

   It affects your strength (+8).
   It affects your intelligence (-5).
   It protects you from poison.
   It prevents spellcasting.
 N - the +1 cloak of Starlight (worn) {*Dazzle EV+4 Stlth--}
   (You bought it in a shop on level 10 of the Dungeon)

   It affects your evasion (+4).
   It makes you much less stealthy.
Jewellery
 c - the ring "Reguori" (left hand) {*Contam rElec rPois rN+ rCorr}
   (You found it on level 5 of the Vaults)

   [ring of resist corrosion]

   It insulates you from electricity.
   It protects you from poison.
   It protects you from negative energy.
   It causes magical contamination when unequipped.
   It provides partial protection from all sources of acid and corrosion.
 h - an uncursed ring of wizardry
 k - the ring "Dusouful" (right hand) {Will+ AC+4 Dex+5 Slay+3}
   (You bought it in a shop on level 5 of the Realm of Zot)

   [ring of protection]

   It affects your AC (+4).
   It affects your dexterity (+5).
   It affects your accuracy and damage with ranged weapons and melee attacks
   (+3).
   It affects your willpower, your defense against some magical effects.
 n - a +6 ring of strength
 C - a +6 ring of intelligence
 G - an amulet of regeneration (around neck)
 H - a +4 ring of protection
 V - an uncursed ring of flight
Wands
 s - a wand of iceblast (35)
 A - a wand of disintegration (26)
 F - a wand of flame (171)
 J - a wand of paralysis (75)
 L - a wand of acid (40)
 P - a wand of digging (24)
 T - a wand of polymorph (28)
 X - a wand of enslavement (41)
 Z - a wand of random effects (17)
Scrolls
 a - 2 scrolls of enchant armour
 e - 3 scrolls of holy word
 p - 4 scrolls of magic mapping
 r - 28 scrolls of identify
 u - 12 scrolls of fear
 y - a scroll of summoning
 E - 6 scrolls of silence
 Q - 29 scrolls of remove curse
 R - 5 scrolls of amnesia
 Y - 11 scrolls of fog
Potions
 d - 20 potions of curing
 f - a potion of ambrosia
 g - 13 potions of heal wounds
 l - 6 potions of cancellation
 m - 11 potions of lignification
 o - a potion of resistance
 v - 13 potions of brilliance
 x - 2 potions of might
 z - 6 potions of invisibility
 D - 2 potions of magic
 W - 4 potions of flight


   Skills:
 O Level 27 Fighting
 + Level 25.4(27) Axes
 - Level 21.0(25.6) Maces & Flails
 - Level 14.3 Crossbows
 - Level 12.4 Throwing
 - Level 23.0 Armour
 - Level 9.8 Dodging
 - Level 1.2 Stealth
 - Level 9.0 Shields
 - Level 15.1 Earth Magic
 - Level 7.9 Evocations


You had 25 spell levels left.
You knew the following spells:

 Your Spells              Type           Power        Failure   Level
a - Sandblast             Erth           2%           1%          1

Your spell library contained the following spells:

 Spells                   Type           Power        Failure   Level
 Lee's Rapid Deconstruct  Erth           0%           21%         5
 Passwall                 Tmut/Erth      0%           24%         2
 Stone Arrow              Conj/Erth      0%           47%         3
 Leda's Liquefaction      Hex/Erth       0%           89%         4
 Petrify                  Tmut/Erth      0%           89%         4
 Animate Skeleton         Necr           0%           99%         1
 Apportation              Tloc           0%           99%         1
 Corona                   Hex            0%           99%         1
 Foxfire                  Conj/Fire      0%           99%         1
 Freeze                   Ice            0%           99%         1
 Magic Dart               Conj           0%           99%         1
 Pain                     Necr           0%           99%         1
 Shock                    Conj/Air       0%           99%         1
 Sting                    Tmut/Pois      0%           99%         1
 Summon Small Mammal      Summ           0%           99%         1
 Borgnjor's Vile Clutch   Necr/Erth      0%           99%         5
 Call Imp                 Summ           0%           100%        2
 Corpse Rot               Necr/Air       N/A          100%        2
 Ensorcelled Hibernation  Hex/Ice        0%           100%        2
 Poisonous Vapours        Pois/Air       0%           100%        2
 Searing Ray              Conj           0%           100%        2
 Slow                     Hex            0%           100%        2
 Sublimation of Blood     Necr           0%           100%        2
 Call Canine Familiar     Summ           0%           100%        3
 Confusing Touch          Hex            0%           100%        3
 Conjure Flame            Conj/Fire      0%           100%        3
 Dazzling Flash           Conj/Hex       0%           100%        3
 Frozen Ramparts          Ice            0%           100%        3
 Gell's Gravitas          Tloc           0%           100%        3
 Ignite Poison            Fire/Tmut/Pois 0%           100%        3
 Inner Flame              Hex/Fire       0%           100%        3
 Mephitic Cloud           Conj/Pois/Air  0%           100%        3
 Ozocubu's Armour         Ice            0%           100%        3
 Portal Projectile        Hex/Tloc       0%           100%        3
 Summon Guardian Golem    Hex/Summ       0%           100%        3
 Tukima's Dance           Hex            0%           100%        3
 Vampiric Draining        Necr           0%           100%        3
 Animate Dead             Necr           0%           100%        4
 Cause Fear               Hex            0%           100%        4
 Dispel Undead            Necr           0%           100%        4
 Fulminant Prism          Conj/Hex       0%           100%        4
 Hailstorm                Conj/Ice       0%           100%        4
 Ice Form                 Ice/Tmut       0%           100%        4
 Iskenderun's Mystic Bla  Conj/Tloc      0%           100%        4
 Olgreb's Toxic Radiance  Pois           0%           100%        4
 Sticky Flame             Conj/Fire      0%           100%        4
 Summon Ice Beast         Ice/Summ       0%           100%        4
 Summon Lightning Spire   Summ/Air       0%           100%        4
 Agony                    Necr           0%           100%        5
 Bolt of Magma            Conj/Fire/Erth 0%           100%        5
 Excruciating Wounds      Necr           0%           100%        5
 Fireball                 Conj/Fire      0%           100%        5
 Irradiate                Conj/Tmut      0%           100%        5
 Iskenderun's Battlesphe  Conj           0%           100%        5
 Metabolic Englaciation   Hex/Ice        0%           100%        5
 Silence                  Hex/Air        0%           100%        5
 Summon Forest            Summ/Tloc      0%           100%        5
 Yara's Violent Unravell  Hex/Tmut       0%           100%        5
 Conjure Ball Lightning   Conj/Air       0%           100%        6
 Death Channel            Necr           0%           100%        6
 Dispersal                Tloc           0%           100%        6
 Eringya's Noxious Bog    Tmut/Pois      0%           100%        6
 Freezing Cloud           Conj/Ice/Air   0%           100%        6
 Hydra Form               Tmut           0%           100%        6
 Iron Shot                Conj/Erth      0%           100%        6
 Ozocubu's Refrigeration  Ice            0%           100%        6
 Simulacrum               Ice/Necr       0%           100%        6
 Statue Form              Tmut/Erth      0%           100%        6
 Dragon Form              Tmut           0%           100%        7
 Malign Gateway           Summ/Tloc      0%           100%        7
 Monstrous Menagerie      Summ           0%           100%        7
 Summon Greater Demon     Summ           0%           100%        7
 Summon Hydra             Summ           0%           100%        7
 Discord                  Hex            0%           100%        8
 Disjunction              Tloc           0%           100%        8
 Summon Horrible Things   Summ           0%           100%        8
 Shatter                  Erth           0%           100%        9
 Tornado                  Air            0%           100%        9
 Blink                    Tloc           Unusable     N/A         2
 Swiftness                Air            Unusable     N/A         2

Dungeon Overview and Level Annotations

Branches:
Dungeon (15/15)            Temple (0/1) D:6            Lair (6/6) D:11
  Swamp (4/4) Lair:2        Snake (4/4) Lair:4        Slime (0/5) Lair:5
    Orc (2/2) D:10            Elf (3/3) Orc:2        Vaults (5/5) D:13
  Crypt (0/3) Vaults:3     Depths (5/5) D:15            Zot (5/5) Depths:5
Ossuary (visited)          Bailey (visited)         Gauntlet (visited)

Altars:
Dithmenos
Fedhas
Gozag
Okawaru
Ru
Vehumet
Xom
The Shining One
Beogh
Jiyva

Shops:
D:5 (   D:10 [   Orc:2 ([!}   Elf:3 *   Lair:1 (=*[([:?*   Snake:3 (
Snake:4 }=?*(   Vaults:2 ?   Vaults:4 [   Vaults:5 *}   Zot:3 :   Zot:5 =

Portals:
Hell: Depths:1 Depths:2 Depths:3 Depths:4 Depths:5
Abyss: Depths:1 Depths:2 Depths:3 Depths:4
Pandemonium: Depths:3 Depths:4
Ziggurat: Depths:3


Innate Abilities, Weirdness & Mutations

You cannot be hasted, slowed, berserked, paralysed or teleported.
You can dig through walls and to a lower floor.
Your four strong arms can wield two-handed weapons with a shield.
You have a pair of large antennae on your head. (SInv)
You are partially covered in molten scales. (AC +2)
You have a somewhat thin skeletal structure. (Dex +2, Stealth)
Scrolls take you much longer to read.
You are very clumsy. (Dex -4)
Armour fits poorly on your strangely shaped body.
Your body often deteriorates upon taking damage.
You are very dopey. (Int -4)
You are extremely frail. (-30% HP)
Your magical capacity is extremely low. (-30% MP)
You frequently scream uncontrollably at your foes.
You do not regenerate when monsters are visible.
You are very weak. (Str -4)
Potions cannot restore your health.
Your spells are much easier to cast, but much less powerful.


Message History

Okay, then.
Unknown command.
You flicker back into view.
You feel a little less mighty now.
The orb of fire is no longer distracted by gold.
The red draconian knight becomes distracted by the nearby gold, dreaming of imaginary riches.
The Killer Klown honks.
The orb of fire glows red.
Strange energies course through your body.
You feel a strong urge to scream.
The orb of fire emits a lurid red light.
The bolt of fire hits the orb of fire.
The orb of fire completely resists.
The bolt of fire hits you but does no damage.
The quicksilver dragon bites you but does no damage.
You block the quicksilver dragon's attack.
Your magical contamination has completely faded away.
The ancient lich is no longer distracted by gold.
The orb of fire glows red.
The bolt of fire hits you! You resist.
You die...
Your body crumbles into a pile of gold.

*,.^........^........# ##...
*....................# #....
#..^.........).......# ##....
#.......[............###.....
*#..................###...###
*#................##...(##
##............^......###
▓▓^....##▓▓▓▓▓▓▓▓▓▓▓#
▓▓........@*DX*LX▓▓▓▓
▓▓.........^...L.....▓##
▓▓......................##
▓...............*X..D....# ▓▓
▓......^......^....p.q...▓▓▓.
▓▓....................D..▓▓..
▓▓.....................)▓...
▓▓...............q...$$$...
▓▓................$$....▓..§


You could see 3 orbs of fire, a Killer Klown, a tentacled monstrosity, a red
draconian knight (wandering, fast, icy armour, invisible), 2 ancient liches, a
quicksilver dragon and 2 Orb Guardians.

Vanquished Creatures
  4 ancient liches
  6 orbs of fire
  Mara (Vaults:2)
  3 juggernauts
  Sojobo (Vaults:4)
  Bai Suzhen (Snake:2)
  3 Killer Klowns
  Saint Roka (Snake:2)
  the Lernaean hydra (Swamp:4)
  2 curse toes
  Xtahua (Depths:3)
  12 golden dragons
  The ghost of Axuzeten the Imperceptible, a master KoHu of Hepliaklqana (Depths:4)
  3 electric golems
  26 tentacled monstrosities
  The ghost of SpoonFarmer the Tortoise, an adept HuCj of Vehumet (Elf:3)
  23 Orb Guardians (Zot:5)
  7 quicksilver dragons
  2 liches
  2 deep elf blademasters (Elf:3)
  5 titans
  2 deep elf master archers (Elf:3)
  10 death cobs
  2 sphinxes
  Frances (D:12)
  Roxanne (Snake:4)
  Agnes (Elf:2)
  6 tengu reavers
  6 shadow dragons
  A thorn hunter (Swamp:2)
  15 storm dragons
  7 draconian monks
  8 nagarajas
  8 draconian knights
  3 iron dragons
  8 fire giants
  13 frost giants
  19 vault wardens
  12 deep elf sorcerers
  A balrug (Depths:3)
  3 ghost moths
  5 draconian scorchers
  Louise (Depths:2)
  2 orc warlords
  5 draconian stormcallers
  8 deep elf elementalists
  7 draconian shifters
  4 spriggan defenders
  Aizul (Snake:1)
  13 very ugly things
  3 draconian annihilators
  14 ironheart preservers
  6 green draconians
  29 stone giants
  2 war gargoyles (Depths:3)
  8 vampire knights
  An entropy weaver (shapeshifter) (Depths:2)
  11 black draconians
  A minotaur (Gauntlet)
  12 spark wasps
  7 white draconians
  11 purple draconians
  14 red draconians
  11 yellow draconians
  A deep elf demonologist (Vaults:5)
  3 bunyips
  12 deep elf annihilators
  3 dire elephants (Lair:6)
  2 crystal guardians (Depths:3)
  8 deep elf death magi
  An eidolon (Vaults:3)
  5 eleionomae
  11 ettins
  11 deep elf high priests
  A shambling mangrove (Swamp:3)
  9 fire dragons
  13 yaktaur captains
  A hydra (shapeshifter) (Vaults:4)
  9 great orbs of eyes
  4 rakshasas
  30 vault guards
  12 ice dragons
  28 hydras
  10 naga warriors
  8 anacondas
  9 centaur warriors
  10 boulder beetles
  7 spriggan air magi
  5 death knights
  6 ghost crabs (Swamp:1)
  Erica (Lair:1)
  A queen ant (Gauntlet)
  12 death yaks
  9 alligators
  20 ogre magi
  3 tengu warriors
  The ghost of basicallysejuani the Spear-Bearer, a novice MiFi of Yredelemnul (Orc:1)
  50 two-headed ogres
  An orc high priest (Orc:2)
  A vampire mage (Vaults:3)
  5 deep troll shamans
  6 spriggan berserkers
  18 naga sharpshooters
  A hell knight (Depths:2)
  3 deep troll earth magi
  A soul eater (Depths:3)
  12 shock serpents
  14 deep elf knights
  A sixfirhy (Gauntlet)
  3 iron trolls
  An iron troll (shapeshifter) (Depths:5)
  4 sea snakes (Snake:4)
  A deep troll (shapeshifter) (Vaults:5)
  17 swamp dragons
  A skeletal warrior (Vaults:3)
  6 goliath frogs
  A sea snake (shapeshifter) (Vaults:5)
  4 salamander mystics
  13 deep trolls
  A death drake (shapeshifter) (Elf:2)
  An unseen horror (shapeshifter) (Vaults:3)
  7 glowing orange brains
  2 unseen horrors
  4 flayed ghosts
  7 spriggan druids
  19 deep elf archers
  9 wizards
  8 harpies
  21 orc knights
  5 bog bodies
  2 obsidian statues
  6 phantasmal warriors
  2 orange crystal statues
  20 ironbrand convokers
  2 necromancers
  3 naga ritualists
  7 mana vipers
  36 ugly things
  4 wolf spiders
  3 oklob plants (Lair:4)
  6 orc sorcerers
  70 deep elf magi
  A tengu skeleton (Vaults:3)
  7 will-o-the-wisps
  17 elephants
  3 cyclopes
  An elf zombie (Vaults:5)
  18 salamanders
  21 moths of wrath
  8 large abominations (Depths:4)
  4 apocalypse crabs (Swamp:1)
  2 ice statues
  20 naga magi
  10 vault sentinels
  A stone giant skeleton (Vaults:5)
  A torpor snail (shapeshifter) (Depths:2)
  Maurice (Orc:2)
  A guardian serpent (shapeshifter) (Vaults:4)
  11 cane toads
  2 cane toads (shapeshifter)
  2 black mambas (shapeshifter)
  An orange demon (Depths:3)
  3 gargoyles (Depths:3)
  24 black mambas
  6 guardian serpents
  A torpor snail (Lair:5)
  3 kobold demonologists
  A rime drake (Lair:6)
  65 yaktaurs
  A hellwing (Depths:3)
  9 komodo dragons
  10 freezing wraiths
  A tengu conjurer (Depths:1)
  A yaktaur skeleton (Vaults:3)
  3 polar bears (shapeshifter)
  2 meliai (shapeshifter)
  10 trolls
  3 meliai (D:15)
  2 trolls (shapeshifter)
  22 hornets
  3 polar bears
  13 blink frogs
  Prince Ribbit (D:6)
  9 tyrant leeches
  A meliai zombie (D:13)
  45 slime creatures
  A dream sheep (shapeshifter) (Depths:2)
  A frost giant simulacrum (Vaults:1)
  13 air elementals
  5 shadows
  Sigmund (D:1)
  4 wyverns
  A ynoxinul (Depths:3)
  11 spriggans
  3 vampires
  An ettin skeleton (Vaults:5)
  45 yaks
  Eustachio (D:6)
  A human (shapeshifter) (Vaults:1)
  7 wraiths
  2 fire elementals (Elf:2)
  11 humans (D:13)
  2 water elementals
  4 basilisks
  4 chaos spawn
  A yaktaur simulacrum (Vaults:2)
  A steam dragon (Lair:5)
  10 vampire mosquitoes
  A warg (shapeshifter) (Vaults:2)
  9 small abominations
  4 wargs
  13 swamp worms
  3 acid dragons
  64 nagas
  15 water moccasins
  9 soldier ants
  3 floating eyes
  57 orc warriors
  An ettin simulacrum (Vaults:5)
  15 ice beasts
  An eye of draining (D:14)
  11 sky beasts
  3 black bears
  2 eyes of draining (shapeshifter)
  7 swamp drakes
  A necrophage (D:11)
  A sky beast (shapeshifter) (Vaults:1)
  9 boggarts
  6 wolves
  54 ogres
  19 centaurs
  4 earth elementals
  5 big kobolds
  2 wyvern zombies
  11 bullfrogs
  A gnoll sergeant (D:5)
  Blork the orc (D:4)
  A water moccasin zombie (Ossuary)
  A wyvern skeleton (D:12)
  2 human skeletons (Vaults:3)
  16 killer bees
  2 scorpions
  A killer bee (shapeshifter) (Vaults:5)
  9 wights
  An elf simulacrum (Vaults:2)
  2 howler monkeys
  7 jellies
  2 electric eels
  4 crimson imps
  A bullfrog zombie (D:11)
  2 centaur zombies
  A human simulacrum (Vaults:3)
  A gnoll shaman (D:4)
  9 hounds
  27 orc priests
  2 quasits
  An iguana (D:10)
  4 iron imps
  48 orc wizards
  4 bullfrog skeletons
  6 centaur skeletons
  Natasha (thrice) (D:2)
  4 lightning spires (Depths:1)
  A spectral orc (Orc:1)
  13 worker ants
  2 big kobold zombies (Ossuary)
  2 hound zombies
  4 mummies
  A spectral gnoll (Orc:1)
  A worker ant zombie (D:10)
  Robin (D:2)
  19 gnolls
  8 adders
  4 shadow imps
  6 white imps
  3 ufetubi (Gauntlet)
  4 oozes
  3 orc simulacra (Orc:1)
  5 adder zombies
  An adder skeleton (D:7)
  2 worms
  A dart slug (D:2)
  4 leopard geckos
  158 orcs
  6 giant cockroaches
  2 gnoll zombies (Ossuary)
  19 goblins
  14 hobgoblins
  18 jackals
  3 quokkas
  A ball python (D:2)
  15 bats
  10 frilled lizards
  7 hobgoblin zombies (Ossuary)
  A jackal skeleton (D:5)
  23 kobolds
  5 kobold zombies (Ossuary)
  A leopard gecko zombie (D:8)
  4 orc zombies (Ossuary)
  9 rats
  A ball lightning (Depths:1)
2460 creatures vanquished.

Vanquished Creatures (others)
  A lich (Depths:3)
  A tengu reaver (Depths:3)
  35 dancing weapons
  A centaur warrior (Vaults:2)
  A shadow wraith (Vaults:5)
  A mana viper (Snake:2)
  3 bloated husks
  An air elemental (Elf:2)
  An orc warrior (Vaults:5)
  3 electric eels (Depths:1)
  A worker ant (D:11)
  6 ball lightnings (Depths:1)
  3 briar patches (Swamp:2)
  4 demonic plants (Gauntlet)
  78 foxfires
  73 fungi
  62 plants
  4 toadstools (D:1)
  2 withered plants (D:11)
281 creatures vanquished.

Grand Total: 2741 creatures vanquished

Notes
Turn   | Place    | Note
-------+----------+-------------------------------------------
     0 | D:1      | bnorton916 the Formicid Fighter began the quest for the
                  | Orb.
     0 | D:1      | Reached XP level 1. HP: 18/18 MP: 1/1
   130 | D:1      | Reached XP level 2. HP: 24/24 MP: 2/2
   537 | D:1      | Reached XP level 3. HP: 28/29 MP: 3/3
   874 | D:2      | Noticed Sigmund
   979 | D:1      | Killed Sigmund
   980 | D:1      | Reached skill level 4 in Fighting
   980 | D:1      | Reached XP level 4. HP: 26/37 MP: 4/4
   980 | D:1      | Reached XP level 5. HP: 29/42 MP: 5/5
   980 | D:1      | Reached XP level 6. HP: 34/48 MP: 6/6
  1485 | D:2      | Noticed Robin
  1524 | D:2      | Killed Robin
  1787 | D:2      | Noticed Natasha
  1793 | D:2      | Killed Natasha
  1815 | D:2      | Noticed Natasha
  1824 | D:2      | Killed Natasha
  2129 | D:2      | Found a radiant altar of Vehumet.
  2136 | D:2      | Found a shadowy altar of Dithmenos.
  2142 | D:2      | Found an opulent altar of Gozag.
  2211 | D:2      | Became a worshipper of Gozag Ym Sagoz the Greedy
  2269 | D:2      | Noticed Natasha
  2274 | D:2      | Killed Natasha
  2570 | D:3      | Reached skill level 5 in Shields
  2570 | D:3      | Reached XP level 7. HP: 40/54 MP: 7/7
  2780 | D:3      | Found a glowing golden altar of the Shining One.
  2878 | D:3      | Reached skill level 1 in Dodging
  3165 | D:3      | Reached skill level 5 in Axes
  3656 | D:4      | Found a sacrificial altar of Ru.
  3660 | D:4      | Reached skill level 5 in Armour
  3716 | D:4      | Reached XP level 8. HP: 58/61 MP: 8/8
  4137 | D:4      | Found a shadowy altar of Dithmenos.
  4179 | D:4      | Reached skill level 1 in Stealth
  4714 | D:4      | Reached skill level 5 in Fighting
  4845 | D:4      | Noticed Blork the orc
  4860 | D:4      | Killed Blork the orc
  5070 | D:5      | Entered Level 5 of the Dungeon
  5756 | D:5      | Reached XP level 9. HP: 66/69 MP: 9/9
  5885 | D:5      | Found Daeplaw's Weapon Shoppe.
  5998 | D:5      | Reached skill level 6 in Fighting
  6810 | D:6      | Found the +9 scales of the Dragon King {rPois rF+ rC+
                  | Will+}
  6812 | D:6      | Noticed Prince Ribbit
  6838 | D:6      | Killed Prince Ribbit
  6883 | D:6      | Noticed Eustachio
  6985 | D:6      | Killed Eustachio
  6996 | D:6      | Found a staircase to the Ecumenical Temple.
  7140 | D:6      | Found a sand-covered staircase.
  7146 | Ossuary  | Entered an ossuary
  7245 | Ossuary  | Reached skill level 7 in Fighting
  8325 | D:7      | Reached XP level 10. HP: 72/79 MP: 10/10
  9207 | D:8      | Reached skill level 8 in Fighting
 10262 | D:8      | Found an iron altar of Okawaru.
 11238 | D:9      | Found a shimmering altar of Xom.
 11358 | D:9      | Noticed an orange crystal statue
 11556 | D:10     | Entered Level 10 of the Dungeon
 11596 | D:10     | Reached skill level 9 in Fighting
 11666 | D:10     | Noticed a two-headed ogre
 11686 | D:10     | Reached XP level 11. HP: 60/89 MP: 7/11
 11719 | D:10     | Killed a two-headed ogre
 11720 | D:10     | Reached skill level 10 in Axes
 11943 | D:10     | Noticed a green ugly thing
 11957 | D:10     | Killed a green ugly thing
 11958 | D:10     | Reached skill level 10 in Fighting
 11958 | D:10     | Reached skill level 10 in Armour
 12324 | D:10     | Found a blossoming altar of Fedhas.
 12853 | D:10     | Found a staircase to the Orcish Mines.
 12887 | D:10     | Bought a glowing buckler for 180 gold pieces
 12887 | D:10     | Bought the +1 cloak of Starlight {*Dazzle EV+4 Stlth--} for
                  | 732 gold pieces
 12887 | D:10     | Found the +1 cloak of Starlight {*Dazzle EV+4 Stlth--}
 13103 | D:11     | Noticed a death knight
 13108 | D:11     | Noticed a death yak
 13131 | D:10     | Killed a death yak
 13293 | D:10     | Killed a death knight
 13409 | D:11     | Found a staircase to the Lair.
 13713 | D:11     | Reached XP level 12. HP: 99/99 MP: 12/12
 13806 | D:11     | Reached skill level 11 in Fighting
 14576 | Lair:1   | Entered Level 1 of the Lair of Beasts
 14610 | Lair:1   | Noticed Erica
 14626 | Lair:1   | Killed Erica
 15481 | Lair:2   | Noticed a six-headed hydra
 15535 | Lair:1   | Killed a six-headed hydra
 15621 | Lair:2   | Noticed an eight-headed hydra
 15623 | Lair:2   | Noticed a four-headed hydra
 15651 | Lair:1   | Killed an eight-headed hydra
 15772 | Lair:2   | Killed a four-headed hydra
 15773 | Lair:2   | Reached XP level 13. HP: 97/107 MP: 13/13
 15852 | Lair:2   | Noticed a four-headed hydra
 15893 | Lair:2   | Killed a four-headed hydra
 16110 | Lair:2   | Noticed a six-headed hydra
 16124 | Lair:2   | Killed a six-headed hydra
 16559 | Lair:2   | Found a staircase to the Swamp.
 16773 | Lair:3   | Noticed a five-headed hydra
 16796 | Lair:3   | Killed a five-headed hydra
 17298 | Lair:3   | Got a pair of faintly glowing boots
 17304 | Lair:3   | Identified the +1 pair of boots of Inaib {rPois rCorr
                  | Int-4} (You found it on level 3 of the Lair of Beasts)
 18047 | Lair:4   | Found a staircase to the Snake Pit.
 18240 | Lair:1   | Bought a runed broad axe for 217 gold pieces
 18300 | Orc:1    | Entered Level 1 of the Orcish Mines
 18306 | Orc:1    | Found a flagged portal.
 18381 | Bailey   | Entered a bailey
 18907 | Orc:1    | Found a runed translucent gate.
 18907 | Orc:1    | Found a runed translucent gate.
 18907 | Orc:1    | Found a runed translucent gate.
 18914 | Orc:1    | Noticed basicallysejuani's ghost (novice MiFi)
 19299 | Orc:1    | Killed basicallysejuani's ghost
 19529 | Orc:2    | Entered Level 2 of the Orcish Mines
 19594 | Orc:2    | Reached XP level 14. HP: 110/114 MP: 14/14
 19840 | Orc:2    | Found a staircase to the Elven Halls.
 19898 | Orc:2    | Found a roughly hewn altar of Beogh.
 19911 | Orc:2    | Found Miusmaam's Distillery.
 19928 | Orc:2    | Bought a potion of curing for 45 gold pieces
 19928 | Orc:2    | Bought a potion of curing for 45 gold pieces
 19928 | Orc:2    | Bought a potion of might for 60 gold pieces
 19928 | Orc:2    | Bought a potion of curing for 45 gold pieces
 19928 | Orc:2    | Bought a potion of curing for 45 gold pieces
 19928 | Orc:2    | Bought a potion of invisibility for 120 gold pieces
 19928 | Orc:2    | Bought a potion of flight for 45 gold pieces
 20061 | Orc:2    | Found a roughly hewn altar of Beogh.
 20372 | Orc:2    | Noticed Maurice
 20384 | Orc:2    | Killed Maurice
 20413 | Orc:2    | Reached skill level 15 in Armour
 20418 | Orc:2    | Noticed an orc warlord
 20639 | Orc:2    | Killed an orc warlord
 20903 | Orc:2    | Found a roughly hewn altar of Beogh.
 20919 | Orc:2    | Found Liryukig's Gadget Emporium.
 21034 | Orc:2    | Found a roughly hewn altar of Beogh.
 21120 | Orc:2    | Found Zoterchao's Antique Armour Boutique.
 21121 | Orc:2    | Found a roughly hewn altar of Beogh.
 21124 | Orc:2    | Found Pida's Antique Weapon Shop.
 22552 | Lair:5   | Reached skill level 15 in Axes
 23004 | Lair:5   | Reached XP level 15. HP: 108/120 MP: 15/15
 23268 | Lair:5   | Found a runed translucent door.
 23268 | Lair:5   | Found a viscous altar of Jiyva.
 23268 | Lair:5   | Found a staircase to the Slime Pits.
 23554 | Lair:6   | Entered Level 6 of the Lair of Beasts
 24986 | Lair:6   | Got a jewelled plate armour
 24997 | Lair:6   | Identified the +4 plate armour "Baxt" {-Tele +Inv rN+} (You
                  | found it on level 6 of the Lair of Beasts)
 25183 | Lair:1   | Bought a manual of Throwing for 1987 gold pieces
 25254 | D:12     | Reached skill level 1 in Throwing
 25310 | D:12     | Noticed Frances
 25319 | D:12     | Killed Frances
 25950 | D:13     | Found a gate leading to a gauntlet.
 26005 | D:13     | Reached skill level 5 in Throwing
 26005 | D:13     | Reached XP level 16. HP: 123/127 MP: 16/16
 26073 | D:13     | Found a gate to the Vaults.
 26144 | Gauntlet | Entered a Gauntlet
 26144 | Gauntlet | Found a transporter.
 26160 | Gauntlet | Found a transporter.
 26163 | Gauntlet | Found a transporter.
 26193 | Gauntlet | Found a transporter.
 26202 | Gauntlet | Found a transporter.
 26205 | Gauntlet | Found a transporter.
 26206 | Gauntlet | Found a transporter.
 26214 | Gauntlet | Found a transporter.
 26217 | Gauntlet | Found a transporter.
 26218 | Gauntlet | Found a transporter.
 26312 | Gauntlet | Found a transporter.
 26313 | Gauntlet | Found a transporter.
 26321 | Gauntlet | Found a transporter.
 26346 | Gauntlet | Found a transporter.
 27161 | D:13     | Gained mutation: You are dopey. (Int -2) [potion of
                  | mutation]
 27161 | D:13     | Gained mutation: Your flesh is cold resistant. (rC+)
                  | [potion of mutation]
 27161 | D:13     | Gained mutation: You have sharp toenails. [potion of
                  | mutation]
 27161 | D:13     | Lost mutation: You are dopey. (Int -2) [potion of mutation]
 27162 | D:13     | Lost mutation: You have sharp toenails. [potion of
                  | mutation]
 27162 | D:13     | Lost mutation: Your flesh is cold resistant. (rC+) [potion
                  | of mutation]
 27162 | D:13     | Gained mutation: You are robust. (+10% HP) [potion of
                  | mutation]
 27162 | D:13     | Gained mutation: You are partially covered in molten
                  | scales. (AC +2) [potion of mutation]
 27162 | D:13     | Gained mutation: You have a somewhat thin skeletal
                  | structure. (Dex +2, Stealth) [potion of mutation]
 27162 | D:13     | Gained mutation: You are very robust. (+20% HP) [potion of
                  | mutation]
 27698 | D:14     | Identified a scroll of acquirement
 27698 | D:14     | Acquired a manual of Crossbows
 27818 | D:14     | Reached skill level 1 in Crossbows
 28261 | D:15     | Entered Level 15 of the Dungeon
 28440 | Lair:1   | Bought a scroll of fog for 28 gold pieces
 28879 | D:15     | Gained mutation: You are clumsy. (Dex -2) [a neqoxec]
 28883 | D:15     | Reached skill level 10 in Throwing
 28910 | D:15     | Found a staircase to the Depths.
 29313 | Lair:1   | Bought a scroll of identify for 28 gold pieces
 29605 | Swamp:1  | Entered Level 1 of the Swamp
 30192 | Lair:1   | Bought a scroll of identify for 28 gold pieces
 30393 | Swamp:1  | Found a runed translucent door.
 30666 | Swamp:1  | Reached skill level 5 in Crossbows
 30666 | Swamp:1  | Reached XP level 17. HP: 146/159 MP: 17/17
 30923 | Swamp:1  | Identified the +7 mace "Roghucyh" {speed, rElec rPois
                  | Dex-2}
 30953 | Swamp:1  | Identified Sif Muna's Compendium of Feathery Changing
 31547 | Swamp:2  | Noticed a thorn hunter
 31557 | Swamp:2  | Killed a thorn hunter
 32763 | Swamp:4  | Entered Level 4 of the Swamp
 33012 | Swamp:4  | Reached skill level 10 in Crossbows
 33015 | Swamp:4  | Reached XP level 18. HP: 168/168 MP: 18/18
 33709 | Swamp:4  | Noticed the 27-headed Lernaean hydra
 33742 | Swamp:4  | Killed the 22-headed Lernaean hydra
 34181 | Swamp:4  | Got a decaying rune of Zot
 34407 | Snake:1  | Entered Level 1 of the Snake Pit
 34569 | Snake:1  | Noticed Aizul
 34582 | Snake:1  | Killed Aizul
 36689 | Snake:2  | Noticed Saint Roka
 36715 | Snake:2  | Killed Saint Roka
 36716 | Snake:2  | Reached XP level 19. HP: 175/175 MP: 19/19
 37022 | Snake:3  | Found Uhuz Rynt's Antique Weapon Emporium.
 37892 | Snake:4  | Entered Level 4 of the Snake Pit
 38188 | Snake:4  | Found Iwkoec's Gadget Emporium.
 38198 | Snake:4  | Noticed Bai Suzhen
 38277 | Snake:2  | Killed Bai Suzhen
 38572 | Snake:4  | Found Apla's Jewellery Emporium.
 38637 | Snake:4  | Noticed Roxanne
 38783 | Snake:4  | Found Gawnit's Antique Weapon Emporium.
 38810 | Snake:4  | Killed Roxanne
 38980 | Snake:4  | Found Pitif's Assorted Antiques.
 38980 | Snake:4  | Found Douvaut's Magic Scroll Shoppe.
 38995 | Snake:4  | Bought a potion of heal wounds for 190 gold pieces
 39001 | Snake:4  | Bought a scroll of magic mapping for 73 gold pieces
 39701 | Snake:4  | Reached XP level 20. HP: 182/182 MP: 20/20
 40219 | Snake:4  | Got a serpentine rune of Zot
 40527 | Elf:1    | Entered Level 1 of the Elven Halls
 40994 | Elf:1    | Identified the Compendium of Philately
 41871 | Elf:2    | Reached skill level 5 in Dodging
 41879 | Elf:2    | Got a flickering wooden ring
 41880 | Elf:2    | Identified the ring "Guiz Ceyso" {+Inv rPois rC+ Will+
                  | SInv} (You found it on level 2 of the Elven Halls)
 42053 | Elf:2    | Found a huge runed translucent gate.
 42053 | Elf:2    | Found a huge runed translucent gate.
 42053 | Elf:2    | Found a huge runed translucent gate.
 42053 | Elf:2    | Found a huge runed translucent gate.
 42053 | Elf:2    | Found a huge runed translucent gate.
 42537 | Elf:2    | Noticed Agnes
 42557 | Elf:2    | Killed Agnes
 42789 | Elf:2    | Reached XP level 21. HP: 189/189 MP: 21/21
 43070 | Elf:3    | Entered Level 3 of the Elven Halls
 43083 | Elf:3    | Found Qaukuasa's General Store.
 43829 | Elf:3    | Identified the +1 leather armour of Untruth {Int+4}
 43906 | Elf:3    | Found a runed translucent door.
 43907 | Elf:3    | Noticed SpoonFarmer's ghost (adept HuCj)
 43940 | Elf:3    | Killed SpoonFarmer's ghost
 44283 | Elf:3    | Identified the ring "Osonwat" {rN+ Int+5}
 44427 | Elf:3    | Identified the +10 plate armour of the Kettle-Drum {Int+4}
 44442 | Elf:3    | Noticed a Tzitzimitl
 45144 | Elf:3    | Got a fine brass ring
 45158 | Elf:3    | Found the +2 hood of the Assassin {Detection Stab+ Stlth++}
 45224 | Elf:3    | Identified the ring "Suopotif" {MP+9 Int-3 Dex-5 SInv
                  | Stlth+} (You found it on level 3 of the Elven Halls)
 45539 | Lair:1   | Bought the +2 shield of Resistance {rF++ rC++ Will++} for
                  | 1947 gold pieces
 45539 | Lair:1   | Found the +2 shield of Resistance {rF++ rC++ Will++}
 45651 | Vaults:1 | Entered Level 1 of the Vaults
 45925 | Vaults:1 | Reached XP level 22. HP: 197/198 MP: 22/22
 46262 | Vaults:1 | Reached skill level 1 in Evocations
 46342 | Vaults:1 | Reached skill level 12 in Fighting
 46924 | Vaults:1 | Reached skill level 5 in Evocations
 47149 | Vaults:2 | Reached skill level 13 in Fighting
 47309 | Vaults:2 | Noticed Mara
 47342 | Vaults:2 | Noticed bnorton916's illusion
 47355 | Vaults:2 | Killed Mara
 47600 | Vaults:2 | Found Diun's Magic Scroll Shop.
 47600 | Vaults:2 | You fall into a shaft and drop 1 floor!
 47772 | Vaults:2 | Bought a scroll of acquirement for 1144 gold pieces
 47772 | Vaults:2 | Bought a scroll of magic mapping for 77 gold pieces
 47772 | Vaults:2 | Bought 2 scrolls of fear for 154 gold pieces
 47772 | Vaults:2 | Bought a scroll of fog for 44 gold pieces
 47805 | Vaults:2 | Acquired a manual of Fighting
 47816 | Vaults:2 | Learned a level 1 spell: Sandblast
 47864 | Vaults:2 | Reached skill level 14 in Fighting
 47994 | Vaults:2 | Reached skill level 15 in Fighting
 48099 | Vaults:2 | Reached XP level 23. HP: 217/217 MP: 23/23
 48183 | Vaults:2 | Reached skill level 16 in Fighting
 48517 | Vaults:2 | Reached skill level 17 in Fighting
 48869 | Vaults:3 | Found a staircase to the Crypt.
 48876 | Vaults:3 | Reached skill level 18 in Fighting
 49497 | Vaults:3 | Reached skill level 19 in Fighting
 50524 | Vaults:3 | Acquired 445 gold pieces
 50654 | Vaults:4 | Reached skill level 20 in Fighting
 50931 | Vaults:4 | Reached XP level 24. HP: 246/246 MP: 23/23
 51207 | Vaults:4 | Reached skill level 21 in Fighting
 51359 | Vaults:4 | Found Boutuen's Antique Armour Boutique.
 51855 | Vaults:5 | Entered Level 5 of the Vaults
 51855 | Vaults:5 | Noticed a golden dragon
 51959 | Vaults:5 | Killed a golden dragon
 51962 | Vaults:5 | Reached skill level 22 in Fighting
 51966 | Vaults:5 | Noticed Sojobo
 52147 | Vaults:4 | Killed Sojobo
 52178 | Vaults:4 | Reached skill level 23 in Fighting
 52259 | Vaults:4 | Reached XP level 25. HP: 226/259 MP: 23/23
 52755 | Vaults:5 | Got a heavily runed jade ring
 52836 | Vaults:5 | Identified the ring "Reguori" {*Contam rElec rPois rN+
                  | rCorr} (You found it on level 5 of the Vaults)
 53009 | Vaults:5 | Reached skill level 24 in Fighting
 53081 | Vaults:5 | Found Duenehis's General Store.
 53089 | Vaults:5 | Bought a scroll of holy word for 135 gold pieces
 53247 | Vaults:5 | Acquired the ring of Usatt {rPois rN+ Int+10}
 53400 | Vaults:5 | Got a silver rune of Zot
 53418 | Vaults:5 | Got a pair of crude gloves
 53424 | Vaults:5 | Identified the cursed +0 pair of gloves "Seitibb" {-Cast
                  | rPois Str+8 Int-5} (You found it on level 5 of the Vaults)
 53685 | Vaults:5 | Found Sios's Gadget Shoppe.
 53747 | Vaults:5 | Bought a wand of acid (5) for 324 gold pieces
 54322 | Lair:1   | Bought a runed battleaxe for 304 gold pieces
 54845 | Depths:1 | Entered Level 1 of the Depths
 54980 | Depths:1 | Reached skill level 25 in Fighting
 55367 | Depths:1 | Found a runed translucent door.
 55618 | Depths:1 | Found a one-way gate to the infinite horrors of the Abyss.
 55646 | Depths:1 | Found a gateway to Hell.
 55656 | Depths:1 | Reached XP level 26. HP: 283/283 MP: 23/23
 56373 | Depths:2 | Noticed Louise
 56395 | Depths:2 | Killed Louise
 56605 | Lair:1   | Bought a manual of Earth Magic for 1987 gold pieces
 56822 | Depths:2 | Reached skill level 1 in Earth Magic
 57311 | Depths:2 | Reached skill level 26 in Fighting
 57322 | Depths:2 | Reached skill level 5 in Earth Magic
 57616 | Depths:2 | Noticed a juggernaut
 57641 | Depths:2 | Killed a juggernaut
 57677 | Depths:2 | Reached skill level 10 in Earth Magic
 57818 | Depths:2 | Identified the Catalogue of the Compass and Feathers
 58417 | Depths:2 | Reached XP level 27. HP: 296/296 MP: 23/23
 58507 | Depths:3 | Noticed Xtahua
 58514 | Depths:3 | Killed Xtahua
 58602 | Depths:3 | Found a one-way gate leading to the halls of Pandemonium.
 59214 | Depths:3 | Reached skill level 27 in Fighting
 59280 | Depths:3 | Found a gateway to a ziggurat.
 59355 | Depths:3 | Noticed an ancient lich
 59369 | Depths:3 | Killed an ancient lich
 59370 | Depths:3 | Reached skill level 15 in Earth Magic
 59862 | Depths:3 | Noticed an ancient lich
 59871 | Depths:3 | Reached skill level 5 in Maces & Flails
 59876 | Depths:3 | Killed an ancient lich
 60354 | Depths:4 | Reached skill level 10 in Maces & Flails
 60537 | Depths:4 | Found a runed translucent gate.
 60537 | Depths:4 | Found a runed translucent gate.
 60537 | Depths:4 | Found an opulent altar of Gozag.
 60932 | Depths:4 | Noticed a juggernaut
 60941 | Depths:4 | Killed a juggernaut
 60993 | Depths:4 | Got a pitted hand axe
 60994 | Depths:4 | Identified the +8 hand axe "Diddom" {pain, rN+} (You found
                  | it on level 4 of the Depths)
 61079 | Depths:4 | Found a runed translucent gate.
 61080 | Depths:4 | Noticed Axuzeten's ghost (master KoHu)
 61080 | Depths:4 | Noticed a juggernaut
 61132 | Depths:4 | Killed a juggernaut
 61276 | Depths:4 | Killed Axuzeten's ghost
 61287 | Depths:4 | Gained mutation: Your spells are a little easier to cast,
                  | but a little less powerful. [a neqoxec]
 61430 | Depths:5 | Entered Level 5 of the Depths
 61657 | Depths:5 | Reached skill level 15 in Maces & Flails
 61748 | Depths:5 | Found a gate to the Realm of Zot.
 61930 | Depths:5 | Found a gateway to a bazaar.
 62360 | Zot:1    | Entered Level 1 of the Realm of Zot
 62393 | Zot:1    | Noticed an orb of fire
 62451 | Zot:1    | Lost mutation: You are very robust. (+20% HP) [an orb of
                  | fire]
 62479 | Zot:1    | Gained mutation: You are weak. (Str -2) [an orb of fire]
 62480 | Zot:1    | Gained mutation: Potions are less effective at restoring
                  | your health. [an orb of fire]
 62480 | Zot:1    | Gained mutation: Your magical capacity is low. (-10% MP)
                  | [an orb of fire]
 62484 | Zot:1    | Gained mutation: Your spells are easier to cast, but less
                  | powerful. [an orb of fire]
 62492 | Depths:5 | Gained mutation: You are very weak. (Str -4) [an orb of
                  | fire]
 62494 | Depths:5 | Killed an orb of fire
 65179 | Zot:3    | Noticed a Killer Klown
 65241 | Zot:3    | Killed a Killer Klown
 65780 | Zot:3    | Bought a manual of Axes for 2318 gold pieces
 66027 | Zot:4    | Found a transporter.
 66045 | Zot:4    | Found a transporter.
 66134 | Zot:4    | Noticed an orb of fire
 66134 | Zot:4    | Gained mutation: Armour fits poorly on your strangely
                  | shaped body. [an orb of fire]
 66144 | Zot:4    | Gained mutation: You are very clumsy. (Dex -4) [an orb of
                  | fire]
 66153 | Zot:4    | Killed an orb of fire
 66945 | Zot:4    | Got a crude jade ring
 66946 | Zot:4    | Identified the ring of Limitation {rC+ Stlth-} (You found
                  | it on level 4 of the Realm of Zot)
 66997 | Zot:5    | Entered Level 5 of the Realm of Zot
 67671 | Zot:5    | Bought the ring "Dusouful" {Will+ AC+4 Dex+5 Slay+3} for
                  | 1218 gold pieces
 67749 | Zot:5    | Noticed an ancient lich
 67767 | Zot:5    | Killed an ancient lich
 67864 | Zot:5    | Noticed an orb of fire
 67865 | Zot:5    | Noticed an orb of fire
 67866 | Zot:5    | Noticed an orb of fire
 67882 | Zot:5    | Gained mutation: Your body sometimes deteriorates upon
                  | taking damage. [an orb of fire]
 67966 | Zot:5    | Killed an orb of fire
 67978 | Zot:5    | Gained mutation: Your body often deteriorates upon taking
                  | damage. [an orb of fire]
 67986 | Zot:5    | Noticed a Killer Klown
 68085 | Zot:5    | Noticed a Killer Klown
 68091 | Zot:5    | Lost mutation: You are robust. (+10% HP) [an orb of fire]
 68093 | Zot:5    | Gained mutation: You are dopey. (Int -2) [an orb of fire]
 68099 | Zot:5    | Gained mutation: You are frail. (-10% HP) [an orb of fire]
 68119 | Zot:5    | Killed an orb of fire
 68129 | Zot:5    | Killed a Killer Klown
 68145 | Zot:5    | Killed a Killer Klown
 68190 | Zot:5    | Noticed an orb of fire
 68196 | Zot:5    | Gained mutation: You are very dopey. (Int -4) [an orb of
                  | fire]
 68204 | Zot:5    | Gained mutation: Your spells are much easier to cast, but
                  | much less powerful. [an orb of fire]
 68208 | Zot:5    | Gained mutation: Scrolls take you a little longer to read.
                  | [an orb of fire]
 68215 | Zot:5    | Gained mutation: Scrolls take you longer to read. [an orb
                  | of fire]
 68225 | Zot:5    | Gained mutation: Scrolls take you much longer to read. [an
                  | orb of fire]
 68228 | Zot:5    | Killed an orb of fire
 68523 | Zot:5    | Noticed an ancient lich
 68525 | Zot:5    | Noticed an orb of fire
 68531 | Zot:5    | Killed an orb of fire
 68532 | Zot:5    | Noticed an orb of fire
 68532 | Zot:5    | Noticed an orb of fire
 68532 | Zot:5    | Noticed a Killer Klown
 68532 | Zot:5    | Noticed a Killer Klown
 68538 | Zot:5    | Killed an ancient lich
 68548 | Zot:5    | Gained mutation: Your magical capacity is very low. (-20%
                  | MP) [an orb of fire]
 68552 | Zot:5    | Gained mutation: You are very frail. (-20% HP) [an orb of
                  | fire]
 68558 | Zot:5    | Noticed an ancient lich
 68565 | Zot:5    | Noticed an ancient lich
 68568 | Zot:5    | Gained mutation: Your magical capacity is extremely low.
                  | (-30% MP) [an orb of fire]
 68572 | Zot:5    | Gained mutation: You are extremely frail. (-30% HP) [an orb
                  | of fire]
 68573 | Zot:5    | Gained mutation: You do not regenerate when monsters are
                  | visible. [an orb of fire]
 68574 | Zot:5    | Gained mutation: Potions are poor at restoring your health.
                  | [an orb of fire]
 68579 | Zot:5    | Gained mutation: You occasionally shout uncontrollably at
                  | your foes. [an orb of fire]
 68582 | Zot:5    | Gained mutation: You sometimes yell uncontrollably at your
                  | foes. [an orb of fire]
 68585 | Zot:5    | Gained mutation: Potions cannot restore your health. [an
                  | orb of fire]
 68588 | Zot:5    | HP: 8/174 [quicksilver dragon/bolt of dispelling energy
                  | (12)]
 68590 | Zot:5    | Gained mutation: You frequently scream uncontrollably at
                  | your foes. [an orb of fire]
 68591 | Zot:5    | Killed from afar by an orb of fire

Illustrated notes

Levels and vault maps discovered:
D:1:      ldierk_walled_garden_2, layout_rooms, skrybe_limestone_x,
          minmay_quantized
D:2:      layout_basic, minitemple, chequers_garden, uniq_natasha, uniq_sigmund,
          uniq_robin
D:3:      layout_rooms, tso_metal_star
D:4:      layout_loops_corners, nicolae_ru_awakened_eye, serial_aquarium,
          aquarium_bridge_island_small [aquarium_subvault_small_water,
          aquarium_subvault_wall, aquarium_subvault_bridge,
          aquarium_subvault_bridge, aquarium_subvault_window],
          aquarium_bridge_straight [aquarium_subvault_bridge,
          aquarium_subvault_wall, aquarium_subvault_bridge,
          aquarium_subvault_window], aquarium_window_fake, aquarium_window_2,
          aquarium_window_1, aquarium_view_2b, aquarium_pool_2,
          grunt_dithmenos_smoke_and_mirrors, uniq_blork_the_orc
D:5:      layout_gridville, serial_shops, shop_fountains
D:6:      layout_basic, minmay_temple_entry_water_ring, enter_ossuary_3,
          uniq_prince_ribbit1, uniq_eustachio
D:7:      layout_basic
D:8:      layout_basic, lemuel_coloured_pillars_altar, nicolae_wwwww
D:9:      layout_loops_ring, tgw_xom, minmay_crystal_room, minivault_15
D:10:     layout_rooms, david_orc_4, fedhas_altar_2
D:11:     layout_big_octagon, david_lair_generic, serial_undead,
          serial_undead_e, serial_undead_a, serial_undead_e, serial_undead_a
D:12:     layout_basic, uniq_frances
D:13:     layout_loops_ring, ximxim_vaults_locker_room, gauntlet_entry_generic
D:14:     layout_roguey, kennysheep_cluttered_room
D:15:     grunt_enter_depths_magical_seal, layout_cave_pools,
          grunt_decor_fettered, minmay_misc_feat_rows, minmay_crystal_water
Lair:1:   layout_regular_city, uniq_erica
Lair:2:   layout_chaotic_city, nicolae_swamp_entry_splash_gauntlet,
          chequers_serial_rivers_micro_e
Lair:3:   layout_cave_pods, ice2_lemuel, grunt_megastairs_2
Lair:4:   layout_regular_city, guppyfry_snake_entry_island,
          minmay_lair_oklob_chamber, infiniplex_staircase_pool_2
Lair:5:   layout_regular_city, slime_altar_2
Lair:6:   due_jungle_book, layout_loops_ring
Swamp:1:  gammafunk_mikee_crab_dinner, layout_basic_swamp,
          hangedman_swamp_ruin_wall, swamp_pool4, nicolae_swamp_trees_clearing
Swamp:2:  layout_basic_swamp, evilmike_swamp_ruin_house_1,
          infiniplex_staircase_pool
Swamp:3:  layout_falls_marsh, nicolae_swamp_feature_on_the_river_bank,
          swamp_pool1, st_swamp_ruins_2
Swamp:4:  swamp_old_school, layout_basic_swamp
Snake:1:  layout_basic, uniq_aizul
Snake:2:  layout_cave_shapes, serial_bayou_pond_d, st_stairs_8, uniq_saint_roka
Snake:3:  layout_grid_maze, serial_shops, shop
Snake:4:  minmay_snake_end_coiled, layout_onion, serial_shops, shop_coins,
          nicolae_shop_window_shopping, shop, serial_bayou_ford_a,
          minmay_shoptagon, lemuel_fruit_tree, uniq_bai_suzhen, uniq_roxanne
Orc:1:    layout_diamond_mine, gammafunk_ghost_necromancy, enter_bailey_8
Orc:2:    grunt_orc_community_town_hall, layout_caves,
          grunt_orc_community_big_house_2, grunt_orc_community_big_house_1,
          grunt_orc_community_house_2, grunt_orc_community_house_3,
          grunt_orc_community_house_1, grunt_orc_community_house_2, basic_altar,
          uniq_maurice
Elf:1:    minmay_elf_arrival_summoners, layout_geoelf_grid,
          minmay_elf_annihilation, hangedman_elf_disciples
Elf:2:    layout_geoelf_octagon, corexii_checkpoint_b, billiards_dpeg,
          uniq_agnes
Elf:3:    minmay_elf_hall_quartered_circle, layout_loops_corners, serial_shops,
          shop_statue, ebering_ghost_inner_flame
Vaults:1: v_misc_19, nicolae_vaults_lopsided_apartments,
          nicolae_vaults_border_crossing, nicolae_vaults_mini_display_case,
          v_misc_25, vaults_room_pools, vaults_standard_mumra_lines,
          vaults_room_semicircle, vaults_mumra_chevron, vaults_dpeg_cross,
          ontoclasm_vaults_decontamination, nicolae_vaults_network_barrier,
          vaults_room_pool, hangedman_vaults_restitches, layout_vaults_maze
Vaults:2: vaults_standard_mumra_enter_the_diamond, hangedman_vaults_slice,
          v_misc_10, vaults_room_door_hall, ontoclasm_vaults_misaligned,
          hangedman_vaults_pinch, hangedman_vaults_stream,
          vaults_room_ringed_pool, v_misc_8, vaults_room_stairs_pillars,
          vaults_room_semicircle, layout_vaults_ring, serial_shops, shop,
          uniq_mara
Vaults:3: minmay_crypt_entry_simple_round, hangedman_vaults_corner,
          vaults_room_fancy_cross, dpeg_vaults_monster_box,
          ontoclasm_vaults_ligature, nicolae_vaults_three_branches,
          vaults_room_hallway, nicolae_vaults_asterisk, v_misc_23,
          vaults_room_hallway, vaults_mumra_hexcomb, hangedman_vaults_cutoff,
          layout_vaults_omnigrid
Vaults:4: ontoclasm_vaults_chip, vaults_room_semicircle, v_pattern_1,
          vaults_room_door_hall, v_rooms_4, nicolae_vaults_stairing_the_circle,
          nicolae_vaults_rhombus_6, ontoclasm_vaults_shout, vaults_dpeg_spiral,
          layout_vaults_omnicross, serial_shops, shop
Vaults:5: serial_shops, uniq_sojobo
Depths:1: layout_cave_shapes, abyss_entry_small_statue_room, hell_entry,
          dk_noncrumbling_3, minmay_misc_feat_roman, nicolae_twisting_strands,
          minmay_misc_feat_tower, drop_trap, hangedman_aerie_drop
Depths:2: hangedman_box_tower, layout_gridville,
          nicolae_abyss_entry_one_way_or_another, hell_entry,
          minmay_misc_feat_four_crosses, kennysheep_small_square
Depths:3: constructs_gauntlet_mu_hangedman, layout_cave_pools, enter_ziggurat_e,
          grunt_pan_entry_spiral, abyss_entry, hell_entry,
          infiniplex_staircase_pillars_3b, eino_small_chamber_without_monster,
          minmay_holes, minmay_librarian, uniq_xtahua
Depths:4: nzn_winding_woodlands_small [nzn_winding_woodlands_5x15_sawtooth,
          nzn_winding_woodlands_center_lodge, nzn_winding_woodlands_5x15_twine],
          layout_cave_pools, grunt_hell_entry_dis_old, grunt_pan_entry_sceptre,
          minmay_room_of_horrors, ebering_ghost_gozag
Depths:5: grunt_zot_entry_funnels, layout_cave_shapes, pf_dread_powers_of_hell,
          serial_shops, statue_bzr
Zot:1:    kennysheep_ambush_hall, layout_cellular_growth,
          st_single_dragon_hoard_3
Zot:2:    layout_gridlike, grunt_megastairs_3
Zot:3:    layout_cathedral_of_symmetry
Zot:4:    gammafunk_sealed_arena, layout_twisted_circle
Zot:5:    layout_onion

Skill      XL: |  1  2  3  4  5  6  7  8  9 10 11 12 13 14 15 16 17 18 19 20 21 22 23 24 25 26 27 |
---------------+----------------------------------------------------------------------------------+-----
Shields        | 4 5 6 7 9 |  9.0
Fighting       | 4 5 7 9 10 11 15 20 23 25 26 27 | 27.0
Axes           | 3 4 5 6 8 9 10 12 14 15 16 17 18 19 20 25 | 25.4
Armour         | 4 5 7 9 10 12 14 16 17 18 19 20 21 22 23 | 23.0
Dodging        | 1 6 9 |  9.8
Stealth        | 1 |  1.2
Throwing       | 5 11 12 | 12.4
Crossbows      | 5 10 13 14 | 14.3
Evocations     | 7 |  7.9
Earth Magic    | 13 15 | 15.1
Maces & Flails | 21 | 21.0

Action                   |  1- 3 |  4- 6 |  7- 9 | 10-12 | 13-15 | 16-18 | 19-21 | 22-24 | 25-27 || total
-------------------------+-------+-------+-------+-------+-------+-------+-------+-------+-------++-------
Melee: War axe           |   118 |   106 |   561 |   179 |       |       |       |       |       ||   964
       Hand axe          |       |       |       |   636 |   174 |   216 |       |       |       ||  1026
       Whip              |       |       |       |    50 |   200 |       |       |       |       ||   250
       Broad axe         |       |       |       |       |   886 |    59 |       |       |       ||   945
       Spear             |       |       |       |       |    60 |       |       |       |       ||    60
       Battleaxe         |       |       |       |       |   114 |   976 |  1459 |  1261 |  2900 ||  6710
       Mace              |       |       |       |       |       |    59 |    26 |       |       ||    85
 Fire: Arbalest          |       |       |       |       |     9 |       |       |       |       ||     9
Throw: Boomerang         |       |       |       |       |       |     7 |       |       |       ||     7
       Javelin           |       |       |       |       |       |     4 |       |       |    17 ||    21
       Dart              |       |       |       |       |       |       |       |       |    13 ||    13
Invok: Call Merchant     |       |       |       |     2 |     2 |     2 |     2 |       |     4 ||    12
 Abil: Dig               |     3 |     3 |    28 |    27 |    36 |    15 |    53 |       |    49 ||   214
       Evoke Flight      |       |       |       |       |       |     2 |       |       |       ||     2
Evoke: Wand              |       |       |     6 |     2 |     3 |       |       |       |       ||    11
  Use: Potion            |     3 |     1 |     1 |     1 |     3 |     8 |       |     1 |     4 ||    22
       Scroll            |     2 |       |    14 |       |    14 |    19 |    12 |     3 |    22 ||    86
 Stab: Distracted        |       |       |     2 |     3 |     6 |    12 |     7 |    14 |    19 ||    63
       Invisible         |       |       |       |    13 |    32 |    22 |    20 |    22 |    35 ||   144
Armor: Scale mail        |    62 |    48 |   129 |   250 |       |       |       |       |       ||   489
       Gold dragon scale |       |       |       |    84 |   713 |   895 |   545 |   442 |  1138 ||  3817
Dodge: Dodged            |    48 |    33 |   138 |   398 |   493 |   496 |   377 |   463 |  1005 ||  3451
Block: Kite shield       |    90 |    65 |   315 |   301 |   255 |   857 |   684 |   628 |  1235 ||  4430
       Buckler           |       |       |       |    95 |   244 |       |       |       |       ||   339
